 Dungeon Crawl Stone Soup version 0.30.0-10-gfe55d96785 (webtiles) character file.

Game seed: 2618801693538406760

779 Cheops the Caller (level 7, -9/53 HPs)
             Began as an Armataur Summoner on May 14, 2023.
             Was an Elder of Jiyva.
             Mangled by a sleepcap (16 damage)
             ... on level 6 of the Dungeon.
             The game lasted 00:21:55 (4043 turns).

Cheops the Caller (Armataur Summoner)               Turns: 4043, Time: 00:21:56

Health: -9/53      AC:  4    Str: 17    XL:     7   Next: 54%
Magic:  19/22      EV:  1    Int: 15    God:    Jiyva [****..]
Gold:   109        SH:  0    Dex: 19    Spells: 1/14 levels left

rFire   . . .        a - +0 dagger
rCold   + . .        (no shield)
rNeg    . . .        d - +0 robe
rPois   .            (no helmet)
rElec   .            (no cloak)
rCorr   +            (no gloves)
SInv    .            (no barding)
Will    +....        (no amulet)
Stlth   ++           q - +6 ring of strength
HPRegen 1.56/turn    s - ring of Puen {rC+ Will+ MP+9}
MPRegen 0.58/turn

%: roll
@: sleeping
A: large, rugged brown scales 3, deformed body, armoured tail, roll, long
tongue, awkward tongue, agile 2, mutation resistance 1, jelly absorbing missiles
a: Renounce Religion, Oozemancy, Slimify


You were on level 6 of the Dungeon.
You worshipped Jiyva.
Jiyva was greatly pleased with you.
You visited 1 branch of the dungeon, and saw 6 of its levels.

You collected 109 gold pieces.

Inventory:

Hand Weapons
 a - a +0 dagger (weapon)
 e - a +0 club
 g - a +0 short sword
Armour
 d - a +0 robe (worn)
Jewellery
 q - a +6 ring of strength (left hand)
 s - the ring of Puen (right hand) {rC+ Will+ MP+9}
   (You found it on level 5 of the Dungeon)

   [ring of willpower]

   rC:        It protects you from cold.
   MP:        It affects your magic capacity (+9).
   Will:      It increases your willpower.
Scrolls
 j - 2 scrolls of amnesia {unknown}
 k - a scroll of teleportation {unknown}
 m - 2 scrolls of poison {unknown}
 n - 2 scrolls of magic mapping {unknown}
 o - a scroll of vulnerability {unknown}
 p - 3 scrolls of immolation {unknown}
 r - a scroll of enchant armour {unknown}
 v - a scroll of identify {unknown}
Potions
 b - a potion of magic
 c - 3 potions of curing {unknown}
 i - 2 potions of degeneration {unknown}
 l - 2 potions of heal wounds {unknown}
 t - a potion of haste {unknown}
 u - a potion of brilliance {unknown}


   Skills:
 - Level 2.2 Short Blades
 - Level 2.0 Dodging
 - Level 2.1 Stealth
 - Level 4.0 Spellcasting
 - Level 2.0 Hexes
 - Level 5.0 Summonings
 + Level 3.2 Air Magic


You had one spell level left.
You knew the following spells:

 Your Spells              Type           Power      Damage    Failure   Level
a - Summon Small Mammal   Summ           72%        N/A       2%          1
c - Call Canine Familiar  Summ           18%        N/A       7%          3
g - Summon Guardian Gole  Hex/Summ       13%        N/A       13%         3
i - Call Imp              Summ           36%        N/A       3%          2
l - Summon Lightning Spi  Summ/Air       15%        N/A       32%         4

Your spell library contained the following spells:

 Spells                   Type           Power      Damage    Failure   Level


Dungeon Overview and Level Annotations

Branches:
Dungeon (6/15)
 Temple: D:4-7

Altars:
Kikubaaqudgha
Trog
Wu Jian
Jiyva


Innate Abilities, Weirdness & Mutations

You are completely covered in rugged brown scales. (AC +3, +7% HP)
Armour fits poorly on your strangely shaped body.
You have a long armoured tail.
You roll when moving toward enemies. (Rampage)
Your long tongue fully drains potion bottles. (2x potion effects)
Your tongue gives you trouble enunciating. (1.5x scroll delay)
You are very agile. (Dex +8, Str/Int -2)
You are somewhat resistant to further mutation.
You have a small jelly attached to you that may absorb projectiles.


Message History

Your hound's corpse disappears in a puff of smoke!
Your cerulean imp hits the bullfrog with a -3 spear.
As you slowly read the scroll labelled FINE UTTOC, it crumbles to dust.
You assume a fearsome visage.
The iguana looks frightened!
The sleepcap is unaffected.
The white imp looks frightened!
The sleepcap is unaffected.
The water moccasin looks frightened!
The bullfrog looks frightened!
It was a scroll of fear.
The white imp hits the jelly.
The white imp freezes the jelly.
The white imp is burned by acid!
You hear a slurping noise.
The jelly hits the white imp but does no damage.
Your cerulean imp hits the bullfrog with a -3 spear.
The sleepcap closely misses you.
The white imp hits the jelly.
The white imp freezes the jelly.
The white imp is burned by acid!
Okay, then.
The jelly barely misses the white imp.
Your cerulean imp hits the bullfrog from afar with a -3 spear.
The bullfrog dies!
The white imp hits the jelly.
The white imp freezes the jelly.
The white imp is burned by acid!
Your Air Magic skill increases to level 3!
The jelly barely misses the white imp.
The white imp hits the jelly.
The white imp freezes the jelly.
The jelly dies!
The sleepcap attacks as you move away! The sleepcap barely misses you.
Your cerulean imp hits the sleepcap with a -3 spear.
The white imp misses your cerulean imp.
As you slowly read the scroll labelled YMAK QELEGOENI, it crumbles to dust.
The scroll dissolves into smoke.
It was a scroll of fog.
Your cerulean imp closely misses the white imp.
The white imp hits your cerulean imp but does no damage.
The sleepcap releases spores at you!
* * * LOW HITPOINT WARNING * * *
You are engulfed in a cloud of soporific spores!
You fall asleep.
A scorpion comes into view.
Your cerulean imp hits the white imp but does no damage.
Your cerulean imp's attack snaps the white imp out of its fear.
The sleepcap releases spores at you!
You die...

##....##....##
##...........#
.#...........##
.............#
............##
..........#
##..§....##
##.§§§§.#
#§§@§§##
#§§f§.# ##§f.##
#..## #.5##
#.5.#
#..........
#...s.......
#............


You could see 2 sleepcaps.

Vanquished Creatures
  A water moccasin (D:6)
  An ice beast (D:5)
  A phantom (D:5)
  2 hounds
  A sleepcap (D:4)
  Jessica (D:3)
  An iguana (D:5)
  A gnoll (D:6)
  2 adders (D:2)
  An ufetubus (D:5)
  2 dart slugs
  2 orcs
  3 bats (D:1)
  2 endoplasms (D:1)
  3 giant cockroaches
  7 goblins
  7 hobgoblins
  A quokka (D:1)
  6 ball pythons
  2 frilled lizards (D:1)
  9 kobolds
  4 rats
60 creatures vanquished.

Vanquished Creatures (collateral kills)
  A phantom (D:5)
  A bullfrog (D:6)
  A scorpion (D:5)
  2 iguanas
  An adder (D:3)
  An ufetubus (D:5)
  A worm (D:2)
  2 orcs
  2 goblins
  A hobgoblin (D:1)
  3 quokkas
  2 ball pythons (D:2)
  3 bats
  A spectral hobgoblin (D:1)
22 creatures vanquished.

Vanquished Creatures (others)
  A howler monkey (D:6)
  A jelly (D:6)
  2 adders
  A worm (D:2)
  An endoplasm (D:2)
  2 orcs
  A bat (D:2)
  3 hobgoblins
  A ball python (D:3)
  A frilled lizard (D:2)
  A kobold (D:4)
15 creatures vanquished.

Grand Total: 97 creatures vanquished

Notes
Turn   | Place    | Note
-------+----------+-------------------------------------------
     0 | D:1      | Cheops the Armataur Summoner began the quest for the Orb.
     0 | D:1      | Reached XP level 1. HP: 14/14 MP: 3/3
   207 | D:1      | Reached XP level 2. HP: 12/21 MP: 1/5
   385 | D:1      | Found a faded altar of an unknown god.
   596 | D:1      | Reached skill level 4 in Summonings
   599 | D:1      | Learned a level 2 spell: Call Imp
   627 | D:1      | Reached XP level 3. HP: 25/27 MP: 6/6
   631 | D:1      | Learned a level 3 spell: Call Canine Familiar
  1020 | D:1      | Prayed at the altar of an unknown god.
  1020 | D:1      | Became a worshipper of Jiyva Jakkaiwk the Shapeless
  1020 | D:1      | Reached * piety under Jiyva
  1089 | D:2      | Reached skill level 1 in Short Blades
  1406 | D:2      | Reached ** piety under Jiyva
  1581 | D:2      | Reached XP level 4. HP: 32/35 MP: 7/7
  2120 | D:3      | Found an ornate altar of the Wu Jian Council.
  2162 | D:3      | Learned a level 3 spell: Summon Guardian Golem
  2177 | D:3      | Noticed Jessica
  2188 | D:3      | Killed Jessica
  2189 | D:3      | Reached XP level 5. HP: 33/40 MP: 9/9
  2288 | D:3      | Found a bloodstained altar of Trog.
  2703 | D:4      | Reached *** piety under Jiyva
  3125 | D:4      | Gained mutation: You are agile. (Dex +4, Str/Int -1)
                  | [Jiyva's grace]
  3125 | D:4      | Gained mutation: You are very agile. (Dex +8, Str/Int -2)
                  | [Jiyva's grace]
  3125 | D:4      | Gained mutation: You have a small jelly attached to you
                  | that may absorb projectiles. [Jiyva's grace]
  3125 | D:4      | Gained mutation: You are somewhat resistant to further
                  | mutation. [Jiyva's grace]
  3275 | D:5      | Entered Level 5 of the Dungeon
  3288 | D:5      | Reached skill level 5 in Summonings
  3288 | D:5      | Reached XP level 6. HP: 48/48 MP: 6/10
  3331 | D:5      | Reached **** piety under Jiyva
  3333 | D:5      | Noticed an ice beast
  3364 | D:5      | Killed an ice beast
  3455 | D:5      | Found an ancient bone altar of Kikubaaqudgha.
  3463 | D:5      | Identified the ring of Puen {rC+ Will+ MP+9}
  3477 | D:5      | Reached XP level 7. HP: 52/53 MP: 13/13
  3490 | D:5      | Learned a level 4 spell: Summon Lightning Spire
  3852 | D:5      | Reached skill level 1 in Air Magic
  4043 | D:6      | Mangled by a sleepcap

Illustrated notes

Levels and vault maps discovered:
D:1:      wheals_arrival_linesprint, layout_loops_ring,
          dreamdust_ecumenical_altar_drowned_temple,
          amcnicky_mini_corridor_feature
D:2:      layout_basic
D:3:      layout_loops_ring, nzn_wu_jian_contemplation, trog_hazing_becter,
          uniq_jessica
D:4:      layout_loops_ring, dreamdust_mushroom_princess,
          minmay_misc_feat_roman, minmay_crystal_water,
          hangedman_abyss_or_decor_slice
D:5:      layout_gridville, lemuel_round_altar, minmay_misc_feat_x,
          kennysheep_windowed_goal
D:6:      layout_cave_pods, nemelex_diamond_rough_becter,
          ashenzari_conservatory_becter, mainiacjoe_overflow_cross_hatched,
          minmay_temple_entry_arrows, minmay_ruined_shrine

Skill      XL: |  1  2  3  4  5  6  7 |
---------------+----------------------+-----
Spellcasting   | 2 3 4 |  4.0
Summonings     | 4 5 |  5.0
Short Blades   | 2 |  2.2
Hexes          | 2 |  2.0
Dodging        | 2 |  2.0
Air Magic      | 3 |  3.2
Stealth        | |  2.1

Action                     |  1- 3 |  4- 6 |  7- 9 || total
---------------------------+-------+-------+-------++-------
  Melee: Club              |    14 |       |       ||    14
         Short sword       |    14 |       |       ||    14
         Unarmed           |     9 |       |       ||     9
         Tailslap          |    11 |    21 |     4 ||    36
         Punch             |     2 |     1 |     2 ||     5
         Dagger            |    92 |   146 |    22 ||   260
   Cast: Summon Small Mamm |     9 |       |       ||     9
         Call Imp          |     5 |     7 |     3 ||    15
         Call Canine Famil |       |     7 |     6 ||    13
         Summon Guardian G |       |     2 |       ||     2
         Summon Lightning  |       |       |     1 ||     1
 Invoke: Slimify           |       |       |     1 ||     1
    Use: Scroll            |       |       |     2 ||     2
   Stab: Sleeping          |     9 |     4 |       ||    13
         Distracted        |       |     1 |     1 ||     2
 Armour: Robe              |    51 |    51 |     8 ||   110
  Dodge: Dodged            |    67 |    90 |    18 ||   175
